 Dungeon Crawl Stone Soup version 0.13.1-17-g0f9d4ff (webtiles) character file.

834 Lilouch the Covered (level 7, -4/53 HPs)
             Began as a Mummy Fighter on Dec 15, 2013.
             Slain by a wolf spider (7 damage)
             ... on Level 4 of the Dungeon.
             The game lasted 00:26:29 (28736 turns).

Lilouch the Covered (Mummy Fighter)                Turns: 28736, Time: 00:26:29

HP  -4/53        AC 17     Str 21      XL: 7   Next: 29%
MP   2/2         EV  3     Int  7      God:
Gold 179         SH 18     Dex 11      Spells:  0 memorised,  6 levels left

Res.Fire  : x . .   See Invis. : .   b - +2,+0 spear (antimagic)
Res.Cold  : + . .   Warding    : .   r - +1 orc plate armour
Life Prot.: + + +   Conserve   : .   c - +0 shield
Res.Poison: +       Res.Corr.  : .   (no helmet)
Res.Elec. : .       Clarity    : .   x - +1 cloak
Sust.Abil.: . .     Spirit.Shd : .   l - +0 pair of dwarf gauntlets
Res.Mut.  : .       Stasis     : .   (no boots)
Res.Rott. : +       Flight     : .   (no amulet)
Saprovore : . . .                    (no ring)
                                     (no ring)

@: somewhat resistant to hostile enchantments, extremely unstealthy
A: no food or potions, fire vulnerability, restore body, cold resistance 1, life
protection 3, poison resistance, torment resistance, unbreathing
a: no special abilities


You were on level 4 of the Dungeon.
You were not hungry.

You visited 1 branch of the dungeon, and saw 4 of its levels.

You collected 159 gold pieces.

Inventory:

Hand weapons
 a - a +0,+0 trident
 b - a +2,+0 anti-magic spear (weapon)
 t - a +0,+0 spear
 u - a +1,+0 spear
 v - a +0 blowgun
 z - a +0,+0 spear
 E - a +0,-4 orcish dagger of electrocution
Missiles
 f - 32 bolts
 g - a dart of flame (quivered)
 h - 8 poisoned darts
 w - 22 poisoned needles
 B - 7 needles of confusion
 G - a throwing net [frayed]
Armour
 c - a +0 shield (worn)
 l - a +0 pair of dwarven gauntlets (worn)
 r - a +1 orcish plate armour (worn)
 s - a +0 pair of gloves
 x - a +1 cloak (worn)
Scrolls
 d - 3 scrolls of teleportation {unknown}
 e - 2 scrolls of remove curse {unknown}
 i - 3 scrolls of recharging {unknown}
 j - 2 scrolls of blinking {unknown}
 k - a scroll of curse armour {unknown}
 m - 4 scrolls of identify {unknown}
 p - 2 scrolls of enchant weapon II {unknown}
 q - 2 scrolls of curse jewellery {unknown}
 y - a scroll of random uselessness {unknown}
 A - a scroll of fog {unknown}
 C - a scroll of noise {unknown}
 D - 2 scrolls of curse weapon {unknown}
Jewellery
 n - an uncursed ring of positive energy {unknown}
Miscellaneous
 o - a plain deck of defence {drawn: 1}


   Skills:
 - Level 3.0 Fighting
 + Level 3.7 Polearms
 * Level 6.0 Armour
 - Level 2.7 Shields


You had 6 spell levels left.
You didn't know any spells.

Dungeon Overview and Level Annotations

Branches:
Dungeon (4/27)
 Temple: D:4-7

Altars:
Nemelex Xobeh


Innate Abilities, Weirdness & Mutations

You do not eat or drink.
Your flesh is vulnerable to fire.
Your flesh is cold resistant.
You are immune to negative energy.
Your system is resistant to poisons.
You are immune to unholy pain and torment.
You can survive without breathing.


Message History

You hit the wolf spider.
The wolf spider is lightly wounded.
The wolf spider bites you but does no damage.
The wolf spider hits you but does no damage.
The wolf spider bites you!
The wolf spider hits you but does no damage.
The wolf spider bites you!
* * * LOW HITPOINT WARNING * * *
You block the wolf spider's attack.
You climb downwards.
There is a stone staircase leading up here.
You block the wolf spider's attack.
The wolf spider hits you but does no damage.
Things that are here:
a brown potion; an orcish ring mail; an orcish short sword; a +0 chain mail You block the wolf spider's attack.
The wolf spider barely misses you. The wolf spider bites you.
* * * LOW HITPOINT WARNING * * *
The wolf spider hits you!
You die...

# #.#.# #.# #..##.###.... # #.#.#
#.# #..##.# #.... # #.#.# ##.##
#..##.# ###.# #
#.#.####...###..##.# #.# #
#.#...#.#.#.##..##.#####.# ##
#.#>#..##.##.#...[..[....#
.#######.........<......#.#######
.....%.....#..##.##!..#......)...
.............#.#@#.##...#....####
.########....##..s##.....###.# .#
#........###.....# #.#
.########................# #.#
.%.........#.#######.....# #.#
.########.##)).....<.....# #.#
.### #.##########.#######.# ...#
#.# #.........# .#.# #.#
###########


You could see a wolf spider.

Vanquished Creatures
  A sky beast (D:2)
  A jelly (D:3)
  An orc priest (D:4)
  A hound (D:4)
  An iguana (D:4)
  2 worker ants
  A gnoll shaman (D:4)
  A worker ant zombie (D:2)
  12 adders
  8 gnolls
  4 worms
  2 giant geckos
  11 orcs
  8 bats
  7 giant cockroaches
  15 goblins
  16 hobgoblins
  21 kobolds
  3 quokkas
  2 ball pythons (D:3)
  4 giant newts
  13 jackals
  15 rats
150 creatures vanquished.

Notes
Turn   | Place    | Note
--------------------------------------------------------------
     0 | D:1      | Lilouch, the Mummy Fighter, began the quest for the Orb.
     0 | D:1      | Reached XP level 1. HP: 18/18 MP: 0/0
   266 | D:1      | Reached XP level 2. HP: 13/24 MP: 1/1
   703 | D:1      | Reached XP level 3. HP: 30/30 MP: 2/2
  1034 | D:2      | Found a sparkling altar of Nemelex Xobeh.
  4856 | D:1      | Reached XP level 4. HP: 28/36 MP: 3/3
  6419 | D:1      | Noticed a hill giant
  6619 | D:3      | Reached skill level 4 in Armour
  6619 | D:3      | Reached XP level 5. HP: 23/41 MP: 4/4
 13543 | D:2      | Reached XP level 6. HP: 48/48 MP: 5/5
 13704 | D:4      | Reached skill level 5 in Armour
 13865 | D:4      | HP: 2/48 [orc priest/divine providence (13)]
 17052 | D:3      | Reached XP level 7. HP: 41/53 MP: 2/6
 25457 | D:2      | Noticed a shadow dragon
 27729 | D:3      | Reached skill level 6 in Armour
 28652 | D:3      | Noticed a wolf spider
 28736 | D:4      | Slain by a wolf spider

Action                   |  1- 3 |  4- 6 |  7- 9 || total
-------------------------+-------+-------+-------++-------
Melee: Trident           |   195 |   360 |       ||   555
       Spear             |       |    69 |   138 ||   207
       Dagger            |       |    12 |     1 ||    13
 Fire: Blowgun           |       |       |     1 ||     1
Throw: Dart              |       |     3 |       ||     3
Evoke: Deck              |       |     1 |       ||     1
